 Dungeon Crawl Stone Soup version 0.31-a0-1612-g4aaf141004 (webtiles) character file.

Game seed: 11108897749482408156

5732 ma3 the Severer (level 10, -1/96 HPs)
             Began as a Minotaur Fighter on Jan 9, 2024.
             Was a Priest of Okawaru.
             Slain by a vampire (7 damage)
             ... on level 9 of the Dungeon.
             The game lasted 00:10:21 (6974 turns).

ma3 the Severer (Minotaur Fighter)                  Turns: 6974, Time: 00:10:22

Health: -1/96      AC: 15    Str: 25    XL:     10   Next: 48%
Magic:  18/18      EV:  6    Int:  5    God:    Okawaru [***...]
Gold:   476        SH:  5    Dex: 16    Spells: 9/9 levels left

rFire   . . .        a - +0 war axe
rCold   . . .        z - +0 buckler of Repulsion {rN++ MP+9}
rNeg    + + .        s - +0 plate armour
rPois   .            (helmet restricted)
rElec   .            (no cloak)
rCorr   .            w - +0 pair of gloves
SInv    .            x - +1 pair of boots
Will    .....        (no amulet) Stlth
                     i - +6 ring of dexterity
HPRegen 0.36/turn    (no ring)
MPRegen 0.16/turn

%: no passive effects
@: no status effects
A: horns 2, retaliatory headbutt
a: Renounce Religion, Heroism


You were on level 9 of the Dungeon.
You worshipped Okawaru.
Okawaru was most pleased with you.
You visited 2 branches of the dungeon, and saw 10 of its levels.
You also visited: Sewer.

You collected 476 gold pieces.

Inventory:

Hand Weapons
 a - a +0 war axe (weapon)
Armour
 c - a +0 buckler
 k - a +0 kite shield
 s - a +0 plate armour (worn)
 w - a +0 pair of gloves (worn)
 x - a +1 pair of boots (worn)
 z - the +0 buckler of Repulsion (worn) {rN++ MP+9}
   (You found it on level 7 of the Dungeon)

   rN++:      It greatly protects you from negative energy.
   MP+9:      It affects your magic capacity (+9).
Jewellery
 i - a +6 ring of dexterity (left hand)
 t - a +6 ring of strength
Wands
 u - a wand of flame (15)
 A - a wand of iceblast (12)
Scrolls
 e - a scroll of immolation {unknown}
 g - 4 scrolls of teleportation
 j - 2 scrolls of revelation
 l - 3 scrolls of amnesia
 q - 3 scrolls of enchant weapon
 v - a scroll of vulnerability {unknown}
 y - 2 scrolls of fog {unknown}
 E - a scroll of fear {unknown}
Potions
 d - a potion of might
 f - 7 potions of lignification
 h - a potion of berserk rage
 m - a potion of haste {unknown}
 n - a potion of enlightenment {unknown}
 o - 2 potions of brilliance {unknown}
 p - a potion of heal wounds
 r - 2 potions of attraction
 B - a potion of magic {unknown}
 C - 3 potions of curing {unknown}
 D - a potion of cancellation {unknown}


   Skills:
 + Level 11.5 Fighting
 * Level 15.1 Axes
 - Level 3.9 Armour
 - Level 3.9 Shields


You had 9 spell levels left.
You didn't know any spells.
Your spell library contained the following spells:

 Spells                   Type           Power      Damage    Failure   Level
 Shock                    Conj/Air       0%         1d3       100%        1
 Gell's Gravitas          Tloc           0%         N/A       100%        3
 Sigil of Binding         Hex            0%         N/A       100%        3
 Swiftness                Air            0%         N/A       100%        3
 Teleport Other           Tloc           0%         N/A       100%        3
 Airstrike                Air            0%         2d(0-16)  100%        4
 Dimensional Bullseye     Hex/Tloc       0%         N/A       100%        4
 Alistair's Intoxication  Alch           0%         N/A       100%        5
 Borgnjor's Vile Clutch   Necr/Erth      0%         N/A       100%        5
 Conjure Ball Lightning   Conj/Air       0%         3x3d6     100%        6
 Dispersal                Tloc           0%         N/A       100%        6
 Eringya's Noxious Bog    Alch           0%         4d6       100%        6
 Discord                  Hex            0%         N/A       100%        8
 Disjunction              Tloc           0%         N/A       100%        8
 Call Canine Familiar     Summ           Unusable   N/A       N/A         3

Dungeon Overview and Level Annotations

Branches:
Dungeon (9/15)             Temple (1/1) D:6           Sewer (visited)
   Lair: D:8-11         Orc: D:9-12

Altars:
Ashenzari
Cheibriados
Dithmenos
Elyvilon
Fedhas
Gozag
Hepliaklqana
Kikubaaqudgha
Makhleb
Nemelex Xobeh
Okawaru
Qazlal
Sif Muna
Trog
Uskayaw
Vehumet
Wu Jian
Xom
Yredelemnul
Zin
The Shining One

Shops:
D:1 :   D:4 =


Innate Abilities, Weirdness & Mutations

You have a pair of horns on your head.
You reflexively headbutt those who attack you in melee.


Message History

You miss the killer bee. Your headbutt misses the killer bee.
The killer bee is almost dead.
You feel sick. You block the killer bee's attack.
You closely miss the killer bee.
The killer bee is almost dead.
You feel sick. The killer bee barely misses you.
The killer bee stings you but does no damage.
You slice the killer bee!!
You kill the killer bee!
Okawaru accepts your kill.
You feel sick.
You feel sick. You block something's attack.
Something bites you but does no damage.
Things that are here:
a killer bee corpse; a killer bee corpse You hit something.
Your headbutt misses something.
You feel sick. Something hits you but does no damage. Something bites you!
* * * LOW HITPOINT WARNING * * *
Something draws strength from your injuries!
You hit something but do no damage.
You feel sick. Something hits you.
* * * LOW HITPOINT WARNING * * *
Something bites you but does no damage.
You completely miss something.
You feel sick. Something hits you but does no damage.
Something bites you but does no damage.
You closely miss something. You headbutt something. Something hits you!
* * * LOW HITPOINT WARNING * * *
Something bites you.
* * * LOW HITPOINT WARNING * * *
You slash something!
You feel sick.
You feel much better.
You feel sick.
You are no longer poisoned.
Something hits you but does no damage. You block something's attack.
You slash something! Something hits you!
* * * LOW HITPOINT WARNING * * *
Something bites you.
* * * LOW HITPOINT WARNING * * *
Something draws strength from your injuries!
You hit something but do no damage. Your headbutt misses something.
Something hits you but does no damage. Something bites you!
You die...

#.##.#.#
#.##.#.#
#.##.#.#
#.##.#.#
#######.##.#.#
#.......#
#.####### #.#
#@# #{# #.#
#...# #.....#
#.##..# .y
...# .# ###.#
...


There were no monsters in sight!

Vanquished Creatures
  Grinder (D:5)
  13 yaks
  A water moccasin (D:6)
  3 orc warriors
  3 black bears
  An ice beast (D:7)
  2 sky beasts
  2 centaurs
  A phantom (D:5)
  Blork the orc (D:4)
  2 kobold brigands
  5 bullfrogs
  3 scorpions
  5 wights (D:8)
  2 jellies (D:4)
  13 killer bees
  3 bombardier beetles
  4 orc priests
  A hound (D:6)
  Ijyb (D:4)
  6 iguanas
  6 orc wizards
  6 gnolls
  8 adders
  10 dart slugs
  2 ribbon worms
  20 orcs
  8 endoplasms
  8 giant cockroaches
  5 goblins
  9 hobgoblins
  5 quokkas
  19 ball pythons
  5 bats
  13 frilled lizards
  17 kobolds
  4 rats
218 creatures vanquished.

Notes
Turn   | Place    | Note
-------+----------+-------------------------------------------
     0 | D:1      | ma3 the Minotaur Fighter began the quest for the Orb.
     0 | D:1      | Reached XP level 1. HP: 19/19 MP: 0/0
   153 | D:1      | Reached XP level 2. HP: 27/27 MP: 1/1
   179 | D:1      | Found Jiakan's Book Shoppe.
   552 | D:2      | Reached skill level 3 in Axes
   636 | D:2      | Reached XP level 3. HP: 33/33 MP: 2/2
  1057 | D:3      | Reached skill level 4 in Axes
  1057 | D:3      | Reached XP level 4. HP: 41/41 MP: 3/3
  1203 | D:3      | Found a faded altar of an unknown god.
  1346 | D:3      | Reached skill level 5 in Fighting
  1346 | D:3      | Reached skill level 5 in Axes
  1346 | D:3      | Reached XP level 5. HP: 43/48 MP: 4/4
  1746 | D:4      | Noticed Ijyb
  1754 | D:4      | Killed Ijyb
  1920 | D:4      | Found Meosuxt's Jewellery Shop.
  1942 | D:4      | Noticed Blork the orc
  1951 | D:4      | Killed Blork the orc
  1952 | D:4      | Reached skill level 6 in Axes
  1952 | D:4      | Reached XP level 6. HP: 51/56 MP: 5/5
  2223 | D:4      | Reached skill level 7 in Axes
  2387 | D:4      | Reached XP level 7. HP: 50/63 MP: 6/6
  2532 | D:5      | Entered Level 5 of the Dungeon
  2541 | D:5      | Noticed Grinder
  2546 | D:5      | Paralysed by Grinder for 3 turns
  2560 | D:5      | Paralysed by Grinder for 4 turns
  2566 | D:5      | Killed Grinder
  2567 | D:5      | Reached skill level 8 in Axes
  2590 | D:5      | Found a broken altar of Ashenzari.
  2896 | D:5      | Reached skill level 9 in Axes
  2965 | D:5      | Found a glowing drain.
  2974 | Sewer    | Entered a sewer
  3059 | Sewer    | Reached XP level 8. HP: 71/73 MP: 7/7
  3667 | D:5      | Reached skill level 10 in Axes
  3818 | D:6      | Reached skill level 11 in Axes
  3820 | D:6      | Reached XP level 9. HP: 71/82 MP: 8/8
  4042 | D:6      | Reached skill level 12 in Axes
  4439 | D:6      | Found a staircase to the Ecumenical Temple.
  4465 | Temple   | Entered the Ecumenical Temple
  4494 | Temple   | Became a worshipper of Warmaster Okawaru
  4779 | D:7      | Identified the +1 whip of Pecam {flame, rPois rN+}
  4957 | D:7      | Identified the +0 buckler of Repulsion {rN++ MP+9}
  5080 | D:7      | Reached skill level 10 in Fighting
  5080 | D:7      | Reached skill level 13 in Axes
  5715 | D:8      | Identified the +1 ring mail of the Hart {Str+3}
  6015 | D:8      | Reached * piety under Okawaru
  6027 | D:8      | Reached XP level 10. HP: 73/94 MP: 9/9
  6033 | D:8      | Reached skill level 14 in Axes
  6149 | D:8      | Reached ** piety under Okawaru
  6271 | D:8      | Found an ancient bone altar of Kikubaaqudgha.
  6946 | D:9      | Reached skill level 15 in Axes
  6951 | D:9      | Reached *** piety under Okawaru
  6974 | D:9      | Slain by a vampire

Illustrated notes

Levels and vault maps discovered:
D:1:      minmay_arrival_glassed_features, layout_rooms, serial_shops,
          nicolae_shop_tiny_waterfront
D:2:      layout_rooms
D:3:      layout_loops_ring, serial_glass, glass_columns_a, glass_columns_b,
          shapermc_ecumenical_altar_mp_ritualfount, kennysheep_generic_room_10
D:4:      layout_loops_ring, serial_shops, nicolae_diamond_shop,
          chequers_serial_rivers_marsh, minmay_door_square, uniq_blork_the_orc,
          uniq_ijyb
D:5:      layout_basic, mainiacjoe_overflow_cross_hatched, portal_sewer_entry_b,
          minmay_misc_feat_pillars, uniq_grinder
D:6:      layout_loops_cross, minmay_temple_entry_enclosed_plants,
          due_unseen_surprise
D:7:      layout_loops_ring, supply_closet_lemuel
D:8:      layout_basic, mainiacjoe_overflow_small_starburst
D:9:      layout_basic, mainiacjoe_overflow_concentric_impassable
Temple:   compressed_dpeg_triangle_lava_temple

Skill      XL: |  1  2  3  4  5  6  7  8  9 10 |
---------------+-------------------------------+-----
Fighting       | 4 5 6 7 8 10 11 | 11.5
Axes           | 3 4 5 6 7 9 11 13 15 | 15.1
Armour         | |  3.9
Shields        | |  3.9

Action                     |  1- 3 |  4- 6 |  7- 9 | 10-12 || total
---------------------------+-------+-------+-------+-------++-------
  Melee: War axe           |    99 |    99 |   266 |   132 ||   596
         Headbutt          |     9 |    13 |    37 |    26 ||    85
    Use: Scroll            |       |       |     7 |     1 ||     8
         Potion            |       |       |     2 |     1 ||     3
 Armour: Chain mail        |    65 |    16 |       |       ||    81
         Scale mail        |     3 |       |       |       ||     3
         Plate armour      |       |    55 |   197 |   107 ||   359
         Skin              |       |       |    10 |       ||    10
  Dodge: Dodged            |    34 |    36 |    54 |    24 ||   148
  Block: Buckler           |    28 |    21 |    50 |    24 ||   123

Table legend: (Time is in decaauts)
 A = Elapsed time spent in this place.
 B = Non-inter-level travel time spent in this place.
 C = Inter-level travel time spent in this place.
 D = Time resting spent in this place.
 E = Time spent auto-exploring this place.
 F = Levels seen in this place.
 G = Mean time per level.
                   A        B        C        D        E       F      G
               +--------+--------+--------+--------+--------+-----+--------+
         Total |   7076 |   6816 |    260 |      0 |   5281 |  11 |  643.3 |
       Dungeon |   6703 |   6451 |    252 |      0 |   5213 |   9 |  744.8 |
        Temple |     40 |     33 |      7 |      0 |      0 |   1 |   40.0 |
         Sewer |    332 |    332 |      0 |      0 |     67 |   1 |  332.0 |
               +--------+--------+--------+--------+--------+-----+--------+

Top non-repeatable levels by time:
     D:8: 1145 daAuts
     D:7: 995 daAuts
     D:5: 934 daAuts
     D:6: 932 daAuts
     D:4: 861 daAuts
     D:3: 680 daAuts
     D:1: 549 daAuts
     D:2: 504 daAuts
   Sewer: 332 daAuts
     D:9: 100 daAuts
  Temple: 40 daAuts
